 Dungeon Crawl Stone Soup version 0.22-a0-247-gbddf880 (webtiles) character file.

63730 Amnesiac the Deadly Accurate (level 15, -5/165 HPs)
             Began as an Ogre Fighter on Feb 24, 2018.
             Was the Champion of Okawaru.
             Slain by a deep troll (21 damage)
             ... on level 1 of the Depths.
             The game lasted 00:47:24 (19525 turns).

Amnesiac the Deadly Accurate (Ogre Fighter)        Turns: 19525, Time: 00:47:24

Health: -5/165     AC: 11    Str: 29    XL:     15   Next: 10%
Magic:  30/30      EV: 12    Int: 12    God:    Okawaru [******]
Gold:   238        SH: 18    Dex:  6    Spells: 13/14 levels left

rFire    + . .     SeeInvis .   b - +7 blowgun
rCold    + . .     Gourm    .   r - +1 shield of Inquiry {rC+ Int+3 Dex-2}
rNeg     . . .     Faith    .   K - +0 steam dragon scales
rPois    +         Spirit   .   Y - +2 hat {MR+}
rElec    +         Reflect  +   H - +0 cloak of a Million Stars {*Contam rElec rPois MP+9}
rCorr    .         Harm     .   (gloves unavailable)
MR       +++..                  (boots unavailable)
Stlth    +.........             B - +6 amulet of reflection
HPRegen  0.37/turn              N - ring of protection from fire
MPRegen  0.22/turn              Z - ring "Lelefuwk" {MR+ AC+2}

@: about to teleport
A: large, unfitting armour, tough skin 1
a: Heroism, Finesse, Renounce Religion


You were on level 1 of the Depths.
You worshipped Okawaru.
Okawaru was exalted by your worship.
You were not hungry.

You visited 2 branches of the dungeon, and saw 16 of its levels.

You collected 1066 gold pieces.
You spent 828 gold pieces at shops.

Inventory:

Hand Weapons
 b - a +7 blowgun (weapon)
Missiles
 h - 36 poisoned needles (quivered)
 j - 371 stones
 l - 14 large rocks
 A - 5 needles of frenzy
 C - 7 silver tomahawks
 L - 2 throwing nets
 R - 52 sling bullets
 S - 2 poisoned javelins
 W - 9 needles of sleeping
Armour
 r - the +1 shield of Inquiry (worn) {rC+ Int+3 Dex-2}
   (Okawaru gifted it to you on level 15 of the Dungeon)

   It affects your intelligence (+3).
   It affects your dexterity (-2).
   It protects you from cold.
 E - a scarf of spirit shield
 H - the +0 cloak of a Million Stars (worn) {*Contam rElec rPois MP+9}
   (You acquired it on level 12 of the Dungeon)

   It insulates you from electricity.
   It protects you from poison.
   It affects your magic capacity (+9).
   It causes magical contamination when unequipped.
 K - +0 steam dragon scales (worn)
 Y - a +2 hat of magic resistance (worn)
Jewellery
 q - an uncursed ring of ice
 B - a +6 amulet of reflection (around neck)
 N - a ring of protection from fire (left hand)
 Z - the ring "Lelefuwk" (right hand) {MR+ AC+2}
   (You found it on level 12 of the Dungeon)

   [ring of protection]

   It affects your AC (+2).
   It affects your resistance to hostile enchantments.
Wands
 u - a wand of flame (113)
 y - a wand of digging (15)
 z - a wand of polymorph (16)
 I - a wand of acid (13)
 M - a wand of paralysis (12)
 O - a wand of disintegration (3)
Scrolls
 g - 8 scrolls of remove curse {!r}
 k - 5 scrolls of teleportation {!r}
 m - a scroll of acquirement {!r}
 n - 5 scrolls of magic mapping {!r}
 p - a scroll of amnesia {!r}
 s - 8 scrolls of identify {!r}
 x - 2 scrolls of fog {!r}
Potions
 d - 4 potions of might {!q}
 e - 3 potions of heal wounds {!q}
 i - 5 potions of curing {!q}
 o - 4 potions of flight {!q}
 v - 2 potions of mutation {!q}
 D - a potion of resistance {!q}
 G - a potion of brilliance {!q}
 J - a potion of ambrosia {!q}
 T - 2 potions of magic {!q}
Comestibles
 c - 5 chunks of flesh
 f - 25 rations


   Skills:
 + Level 14.7 Fighting
   Level 2.0 Polearms
 * Level 17.5 Throwing
 - Level 9.0 Dodging
 - Level 9.0 Shields
 - Level 8.0 Invocations


You had 13 spell levels left.
You knew the following spells:

 Your Spells              Type           Power        Failure   Level  Hunger
a - Apportation           Tloc           #.....       32%         1    ##.....


Dungeon Overview and Level Annotations

Branches:
Dungeon (15/15)            Temple (0/1) D:6            Lair (0/6) D:8
    Orc (0/2) D:11         Vaults (0/5) D:14         Depths (1/5) D:15

Altars:
Cheibriados
Dithmenos
Elyvilon
Okawaru
Ru

Shops:
D:6 (**}   D:7 *   D:12 (=}:

Portals:
Pandemonium: Depths:1
Trove: D:13 (give horn of Geryon)


Innate Abilities, Weirdness & Mutations

You are too large for most types of armour.
You have tough skin. (AC +1)


Message History

You hear a deafening roar! x2
Throwing (i - inventory. (/) - cycle)
a - 5 javelins (quivered)
Press: ? - help, Shift-Dir - straight line, f/p - fire giant
Aim: a fire giant, wielding a great sword of flaming (almost dead, poisoned)
You throw a javelin. The javelin hits the fire giant!!!
You kill the fire giant!
Okawaru accepts your kill.
The deep troll earth mage casts a spell next to the deep troll.
Some rock shatters into small pieces.
The deep troll barely misses you. You block the deep troll's attack.
The deep troll closely misses you.
Throwing (i - inventory. (/) - cycle)
a - 4 javelins (quivered)
Press: ? - help, Shift-Dir - straight line, f - deep troll
Aim: a deep troll You throw a javelin.
The javelin hits the deep troll!
The deep troll is moderately wounded.
The deep troll bites you but does no damage.
You block the deep troll's attack. x2
Unknown command.
Throwing (i - inventory. (/) - cycle)
a - 3 javelins (quivered)
Press: ? - help, Shift-Dir - straight line, f/p - deep troll
Aim: a deep troll (moderately wounded)
You throw a javelin. The javelin hits the deep troll!!!
You kill the deep troll!
Okawaru accepts your kill.
The troll leather armour is intact enough to wear.
The stone giant throws a large rock.
The large rock hits you!!!
* * * LOW HITPOINT WARNING * * *
Unknown command.
Throwing (i - inventory. (/) - cycle)
a - 2 javelins (quivered)
Press: ? - help, Shift-Dir - straight line, f - deep troll
Aim: a deep troll (fast, unusually strong)
You throw a javelin. The javelin hits the deep troll!!
The deep troll is heavily wounded.
You block the deep troll's attack. x3
A necromancer comes into view. It is wielding a dagger.
Unknown command.
Throwing (i - inventory. (/) - cycle)
a - a javelin (quivered)
Press: ? - help, Shift-Dir - straight line, f/p - deep troll
Aim: a deep troll (heavily wounded, fast, unusually strong)
You throw a javelin. The javelin hits the deep troll!
The deep troll is severely wounded.
The deep troll bites you.
* * * LOW HITPOINT WARNING * * *
You block the deep troll's attack. x2; The stone giant throws a large rock.
The large rock hits you.
* * * LOW HITPOINT WARNING * * *
You block the deep troll earth mage's attack.
The deep troll earth mage claws you!
* * * LOW HITPOINT WARNING * * *
The deep troll earth mage claws you but does no damage.
Unknown command.
Really read
k - 6 scrolls of teleportation {!r}?
As you read the scroll of teleportation {!r}, it crumbles to dust.
You feel strangely unstable. You block the deep troll's attack. x2
The deep troll claws you.
* * * LOW HITPOINT WARNING * * *
The deep troll earth mage barely misses you.
The deep troll earth mage claws you!
* * * LOW HITPOINT WARNING * * *
You block the deep troll earth mage's attack.
The deep troll bites you!!
* * * LOW HITPOINT WARNING * * *
You block the deep troll's attack. The deep troll claws you!!
You die...

#.... ...# ..#..## #...
#(.#$..D.(. ##...##(.#p...((
... #........#.(.(# ..
#.......>.DC.# .#
#..........T.# ##'#
#.......Z.(..# ##..##
#......TT)...#.. #....#
#.......@....'...#....#
#)...........#...#....#
#............# ..#....#
#............# .#.)..#
#........##..######..##
#........##'###..##..##
#.......∩.'...(..#...(###
#..^......#...(.(....().#
#####.......##..##..#...[###


You could see 2 ice dragons, a stone giant, a deep troll, a deep troll earth
mage, a deep troll shaman, a necromancer and a golden dragon zombie.

Vanquished Creatures
  Agnes (D:14)
  2 fire giants
  Azrael (D:14)
  An ettin (Depths:1)
  A fire dragon (Depths:1)
  A hydra (D:11)
  2 ogre magi (Depths:1)
  Erica (D:8)
  2 dancing weapons (D:14)
  2 centaur warriors
  15 two-headed ogres
  A deep troll earth mage (Depths:1)
  2 unseen horrors
  A wizard (D:15)
  A deep troll (Depths:1)
  Pikel (D:8)
  A wolf spider zombie (D:15)
  A deep elf mage (D:14)
  16 ugly things
  A manticore (shapeshifter) (D:14)
  3 manticores
  Maurice (D:8)
  An elephant (shapeshifter) (D:15)
  4 molten gargoyles (D:14)
  A gargoyle (D:15)
  A komodo dragon (D:14)
  7 yaktaurs
  4 tengu conjurers
  A freezing wraith (D:11)
  2 trolls
  A wolf spider simulacrum (D:15)
  16 slime creatures
  6 hippogriffs
  A hornet (D:12)
  3 shadows
  Sigmund (D:2)
  A wraith (D:14)
  2 vampires (D:14)
  A wyvern (D:15)
  14 yaks
  A human (D:10)
  3 steam dragons
  A basilisk (D:15)
  3 fire elementals (D:14)
  4 hogs (D:10)
  2 hungry ghosts
  13 vampire mosquitoes
  2 acid dragons
  3 hell hounds (D:14)
  5 ice beasts
  5 orc warriors
  2 slaves (D:8)
  A water moccasin (D:11)
  3 phantoms
  2 necrophages (D:8)
  10 ogres
  2 eyes of draining
  A black bear (D:10)
  A fire dragon simulacrum (Depths:1)
  4 sky beasts
  9 centaurs
  6 boggarts (Depths:1)
  A crocodile (D:14)
  3 big kobolds
  11 bullfrogs
  A wyvern zombie (D:12)
  7 scorpions
  9 killer bees
  6 wights (D:8)
  2 electric eels (D:13)
  6 howler monkeys
  9 crimson imps
  2 bullfrog zombies
  A quasit (D:10)
  5 centaur zombies
  2 hounds
  6 jellies
  5 orc priests
  2 centaur skeletons
  2 bullfrog skeletons
  7 orc wizards
  2 iguanas
  7 worker ants
  A hound zombie (D:8)
  2 hound skeletons
  2 mummies (D:8)
  2 worker ant zombies (D:10)
  4 gnolls (D:9)
  10 adders
  A shadow imp (D:14)
  2 worms
  2 dart slugs
  6 leopard geckos
  35 orcs
  A ball python (D:1)
  3 giant cockroaches
  13 goblins
  11 hobgoblins
  19 jackals
  23 kobolds
  7 quokkas
  2 bats (D:1)
  4 frilled lizards
  A jackal skeleton (D:5)
  5 rats
460 creatures vanquished.

Vanquished Creatures (collateral kills)
  2 ugly things (Depths:1)
  2 yaktaurs (Depths:1)
  2 boggarts (Depths:1)
  A killer bee (D:12)
7 creatures vanquished.

Vanquished Creatures (others)
  A stone giant (Depths:1)
  A centaur warrior (D:14)
  An ogre mage (Depths:1)
  A two-headed ogre (Depths:1)
  An ugly thing (Depths:1)
  2 yaktaurs (Depths:1)
  2 cyclopes
  2 slaves (D:8)
  8 centaurs
  A kobold (D:11)
20 creatures vanquished.

Grand Total: 487 creatures vanquished

Notes
Turn   | Place    | Note
-------+----------+-------------------------------------------
     0 | D:1      | Amnesiac the Ogre Fighter began the quest for the Orb.
     0 | D:1      | Reached XP level 1. HP: 24/24 MP: 1/1
    79 | D:1      | Reached skill level 1 in Throwing
   113 | D:1      | Reached XP level 2. HP: 26/32 MP: 2/2
   168 | D:1      | Reached skill level 2 in Throwing
   472 | D:1      | Reached XP level 3. HP: 39/39 MP: 3/3
   950 | D:2      | Reached skill level 3 in Throwing
   968 | D:2      | Found a sacrificial altar of Ru.
  1139 | D:2      | Noticed Sigmund
  1192 | D:3      | Reached XP level 4. HP: 9/48 MP: 4/4
  1205 | D:3      | HP: 1/48 [jackal (3)]
  1723 | D:4      | Reached skill level 4 in Throwing
  1932 | D:4      | Noticed an ogre
  1956 | D:4      | Killed an ogre
  1956 | D:4      | Reached skill level 5 in Throwing
  1956 | D:4      | Reached XP level 5. HP: 32/54 MP: 5/5
  2060 | D:4      | Found an iron altar of Okawaru.
  2108 | D:4      | Became a worshipper of Warmaster Okawaru
  2232 | D:2      | Reached XP level 6. HP: 57/62 MP: 6/6
  2399 | D:2      | Killed Sigmund
  2399 | D:2      | Reached skill level 6 in Throwing
  2399 | D:2      | Reached skill level 1 in Invocations
  3191 | D:3      | Reached skill level 5 in Fighting
  3191 | D:3      | Reached XP level 7. HP: 64/72 MP: 8/8
  3700 | D:5      | Entered Level 5 of the Dungeon
  3814 | D:5      | Reached * piety under Okawaru
  3824 | D:5      | Reached skill level 7 in Throwing
  4088 | D:5      | Reached XP level 8. HP: 83/83 MP: 10/10
  4979 | D:6      | Found Foidgh's Gadget Boutique.
  5015 | D:6      | Found Hus Xajyi's Assorted Antiques.
  5022 | D:6      | Bought a scroll labeled ADADOPLACEA for 24 gold pieces
  5022 | D:6      | Bought a fizzy grey potion for 21 gold pieces
  5022 | D:6      | Bought a bronze wand for 96 gold pieces
  5059 | D:6      | Found Tawi's Assorted Antiques.
  5067 | D:6      | Bought a scroll labeled BYC EFOUPPAMUZ for 28 gold pieces
  5185 | D:6      | Found Nypnutt's Antique Weapon Shoppe.
  5194 | D:6      | Found a staircase to the Ecumenical Temple.
  6069 | D:7      | Found Teith's Assorted Antiques.
  6072 | D:7      | Bought a fuming sapphire potion for 26 gold pieces
  6127 | D:7      | Reached skill level 8 in Throwing
  6401 | D:8      | Found a staircase to the Lair.
  6486 | D:8      | Noticed Maurice
  6502 | D:8      | Killed Maurice
  6502 | D:8      | Reached ** piety under Okawaru
  6502 | D:8      | Reached XP level 9. HP: 93/93 MP: 12/12
  6578 | D:8      | Noticed Erica
  6584 | D:8      | Killed Erica
  6584 | D:8      | Reached *** piety under Okawaru
  6584 | D:8      | Reached skill level 9 in Throwing
  6584 | D:8      | Reached skill level 5 in Invocations
  6811 | D:6      | Bought a notched emerald ring for 120 gold pieces
  7812 | D:7      | Reached skill level 10 in Throwing
  7921 | D:8      | Reached **** piety under Okawaru
  7969 | D:8      | Noticed Pikel
  7999 | D:8      | Killed Pikel
  7999 | D:8      | Reached XP level 10. HP: 85/106 MP: 15/15
  8256 | D:9      | Identified a paperback manual
  8270 | D:9      | Noticed a two-headed ogre
  8281 | D:9      | Killed a two-headed ogre
  8281 | D:9      | Received a gift from Okawaru
  8513 | D:9      | Found a white marble altar of Elyvilon.
  8539 | D:9      | Received a gift from Okawaru
  8545 | D:9      | Reached skill level 11 in Throwing
  9228 | D:10     | Entered Level 10 of the Dungeon
  9259 | D:10     | Reached skill level 10 in Fighting
  9503 | D:10     | Reached ***** piety under Okawaru
  9561 | D:10     | Killed an unseen horror
  9886 | D:10     | Reached XP level 11. HP: 59/119 MP: 17/17
  9902 | D:10     | Reached skill level 12 in Throwing
 10171 | D:10     | Received a gift from Okawaru
 10521 | D:11     | Noticed a green ugly thing
 10537 | D:11     | Killed a green ugly thing
 10703 | D:11     | Noticed a six-headed hydra
 10706 | D:11     | Killed a six-headed hydra
 10706 | D:11     | Received a gift from Okawaru
 10814 | D:11     | Noticed a purple ugly thing
 10825 | D:11     | Killed a purple ugly thing
 10825 | D:11     | Reached skill level 13 in Throwing
 11216 | D:11     | Found a staircase to the Orcish Mines.
 11772 | D:12     | Got a flickering glass ring
 11774 | D:12     | Identified the ring "Lelefuwk" {MR+ AC+2} (You found it on level 12 of the Dungeon)
 11887 | D:12     | Found Faxevupn's Antique Weapon Shop.
 11933 | D:12     | Reached XP level 12. HP: 84/133 MP: 18/18
 11938 | D:12     | Paralysed by a hornet for 1 turns
 11941 | D:12     | Noticed a two-headed ogre
 11943 | D:12     | Reached skill level 14 in Throwing
 11983 | D:12     | Killed a two-headed ogre
 12456 | D:12     | Found Nano's Gadget Boutique.
 12767 | D:12     | Found Dyfoggia's Book Shop.
 12785 | D:12     | Found Licaink's Jewellery Emporium.
 12804 | D:12     | Received a gift from Okawaru
 12920 | D:12     | Identified a scroll of acquirement {!r}
 12925 | D:12     | Got a steaming cloak
 12936 | D:12     | Identified the +0 cloak of a Million Stars {*Contam rElec rPois MP+9} (You acquired it on level 12 of the Dungeon)
 13407 | D:13     | Found a portal to a secret trove of treasure.
 13475 | D:13     | Noticed a two-headed ogre
 13485 | D:13     | Killed a two-headed ogre
 13485 | D:13     | Received a gift from Okawaru
 13485 | D:13     | Reached skill level 15 in Throwing
 13488 | D:13     | Got a thick robe {god gift}
 13499 | D:13     | Identified the +1 robe of Worab Lienit {rPois rC+ Int+2} (Okawaru gifted it to you on level 13 of the Dungeon)
 14020 | D:13     | Noticed a two-headed ogre
 14027 | D:13     | Killed a two-headed ogre
 14330 | D:14     | Reached skill level 16 in Throwing
 14358 | D:14     | Noticed a centaur warrior
 14363 | D:14     | Killed a centaur warrior
 14363 | D:14     | Reached XP level 13. HP: 144/144 MP: 19/19
 14369 | D:14     | Reached skill level 5 in Shields
 14435 | D:14     | Found a gate to the Vaults.
 14631 | D:14     | Noticed Agnes
 14639 | D:14     | Killed Agnes
 15064 | D:14     | Noticed Azrael
 15086 | D:14     | Killed Azrael
 15086 | D:14     | Received a gift from Okawaru
 15424 | D:14     | Reached ****** piety under Okawaru
 15599 | D:14     | Reached skill level 5 in Dodging
 15605 | D:14     | HP: 7/144 [red ugly thing (11)]
 15924 | D:14     | Found a shadowy altar of Dithmenos.
 16407 | D:15     | Entered Level 15 of the Dungeon
 16476 | D:15     | Received a gift from Okawaru
 16479 | D:15     | Got a steaming shield {god gift}
 16490 | D:15     | Identified the +1 shield of Inquiry {rC+ Int+3 Dex-2} (Okawaru gifted it to you on level 15 of the Dungeon)
 16805 | D:15     | Reached XP level 14. HP: 102/153 MP: 20/20
 16975 | D:15     | Found a snail-covered altar of Cheibriados.
 17065 | D:15     | Found a staircase to the Depths.
 17065 | D:15     | Noticed a fire giant
 17080 | D:15     | Killed a fire giant
 17160 | D:15     | Learned a level 1 spell: Apportation
 18060 | Depths:1 | Entered Level 1 of the Depths
 18122 | Depths:1 | Found a one-way gate leading to the halls of Pandemonium.
 18149 | Depths:1 | Received a gift from Okawaru
 18176 | Depths:1 | Noticed a stone giant
 18567 | Depths:1 | Killed a stone giant
 18856 | Depths:1 | Reached skill level 17 in Throwing
 19111 | D:7      | Bought a scroll of enchant weapon for 217 gold pieces
 19111 | D:7      | Bought a tapered ivory wand for 116 gold pieces
 19166 | D:6      | Bought a scroll of enchant weapon for 180 gold pieces
 19388 | Depths:1 | Reached XP level 15. HP: 165/165 MP: 21/21
 19505 | Depths:1 | Noticed a fire giant
 19520 | Depths:1 | Killed a fire giant
 19525 | Depths:1 | Slain by a deep troll

Vault maps used:
D:1:      elethiomel_arrival_infinity_welcomes_careful_drivers,
          serial_bayou_pond_e, minmay_misc_feat_diagonals
D:2:      first_ration, nicolae_ru_awakened_eye, uniq_sigmund
D:4:      okawaru_gym_becter
D:5:      solitary_fountain, kennysheep_small_square
D:6:      minmay_temple_entry_grid, serial_shops, nicolae_shop_trees,
          nicolae_shop_overgrown_old_shop, shop, nicolae_shop_behind_doors
D:7:      serial_shops, nicolae_shop_behind_doors
D:8:      lair_entry_dummy, serial_undead, serial_undead_b, serial_undead_c,
          serial_undead_c, serial_undead_c, serial_undead_c, serial_undead_d,
          uniq_pikel, uniq_maurice, uniq_erica
D:9:      elyvilon_altar_3
D:10:     grunt_livestock
D:11:     hiddenorc1_lemuel
D:12:     serial_shops, nicolae_shop_waterfront, nicolae_shop_statue_plus, shop,
          nicolae_shop_trees
D:13:     enter_trove_2, serial_column_ruins, column_ruins_open_medium,
          column_ruins_open_small, column_ruins_open_small_water,
          column_ruins_open_tiny, fungi_pond_lemuel
D:14:     cheibrodos_statue_roulette, erik_vaults_1,
          nicolae_dithmenos_the_darkroom, uniq_azrael, uniq_agnes
D:15:     grunt_enter_depths_giant_problem, cheibriados_altar_1
Depths:1: grunt_hell_entry_dis_mu, pan_entry, hangedman_decor_clover_reticule,
          minmay_acid_items

Skill      XL: |  1  2  3  4  5  6  7  8  9 10 11 12 13 14 |
---------------+-------------------------------------------+-----
Throwing       | 1 2 3 5 6 7 8 10 11 13 16 17 | 17.5
Invocations    | 1 3 4 6 8 |  8.0
Fighting       | 5 6 7 9 10 12 13 14 | 14.7
Shields        | 3 4 9 |  9.0
Dodging        | 3 7 9 |  9.0
Polearms       | |  2.0

Action                   |  1- 3 |  4- 6 |  7- 9 | 10-12 | 13-15 || total
-------------------------+-------+-------+-------+-------+-------++-------
Melee: Trident           |   136 |       |       |       |       ||   136
       Dagger            |       |     7 |       |       |       ||     7
       Unarmed           |       |       |       |     3 |       ||     3
       Fustibalus        |       |       |       |     2 |       ||     2
       Hunting sling     |       |       |       |     1 |       ||     1
 Fire: Hunting sling     |    32 |   133 |   426 |   139 |       ||   730
       Fustibalus        |       |       |       |   541 |    99 ||   640
       Blowgun           |       |       |       |       |    54 ||    54
Throw: Javelin           |       |     5 |    21 |   133 |    43 ||   202
       Tomahawk          |       |       |     9 |    62 |   244 ||   315
       Large rock        |       |       |       |    11 |    34 ||    45
       Throwing net      |       |       |       |     2 |       ||     2
       Stone             |       |       |       |       |   303 ||   303
Invok: Heroism           |       |       |       |       |     2 ||     2
       Finesse           |       |       |       |       |     2 ||     2
Evoke: Wand              |       |       |     2 |     7 |    25 ||    34
  Use: Scroll            |       |     6 |    12 |     9 |     8 ||    35
       Potion            |       |     3 |       |     4 |     3 ||    10
 Stab: Sleeping          |     1 |       |       |       |       ||     1
  Eat: Chunk             |     1 |     6 |    10 |    16 |     8 ||    41
       Ration            |       |       |     2 |     1 |     2 ||     5
Armor: Robe              |    43 |    11 |    27 |   164 |    31 ||   276
       Skin              |       |       |       |     7 |       ||     7
       Steam dragon scal |       |       |       |       |    27 ||    27
Dodge: Dodged            |    43 |    19 |    39 |   132 |    56 ||   289
Block: Shield            |    72 |    29 |   167 |   521 |   274 ||  1063
       Reflection        |       |       |     6 |    25 |    45 ||    76

Table legend:
 A = Spawn XP
 B = Non-spawn XP
 C = Spawn XP percentage of total XP
 D = Spawn monster count
 E = Non-spawn monster count
 F = Spawn count percentage of total count
 G = Total turns spent on level
                    A         B        C        D         E        F      G
               +---------+---------+-------+---------+---------+-------+---------
         Total |       0 |   91043 |   0.0 |       0 |     481 |   0.0 | 19525
               +---------+---------+-------+---------+---------+-------+---------
           D:1 |       0 |      51 |   0.0 |       0 |      27 |   0.0 |   959
           D:2 |       0 |     263 |   0.0 |       0 |      22 |   0.0 |   621
           D:3 |       0 |     109 |   0.0 |       0 |      20 |   0.0 |   908
           D:4 |       0 |     347 |   0.0 |       0 |       6 |   0.0 |  1212
           D:5 |       0 |     665 |   0.0 |       0 |      25 |   0.0 |  1208
           D:6 |       0 |     182 |   0.0 |       0 |       4 |   0.0 |   880
           D:7 |       0 |     346 |   0.0 |       0 |       5 |   0.0 |   889
           D:8 |       0 |    3287 |   0.0 |       0 |      28 |   0.0 |  1727
           D:9 |       0 |    1765 |   0.0 |       0 |      26 |   0.0 |  1008
          D:10 |       0 |    3177 |   0.0 |       0 |      23 |   0.0 |  1203
          D:11 |       0 |    4696 |   0.0 |       0 |      59 |   0.0 |  1447
          D:12 |       0 |    8470 |   0.0 |       0 |      59 |   0.0 |  1435
          D:13 |       0 |    6367 |   0.0 |       0 |      18 |   0.0 |  1153
          D:14 |       0 |   21507 |   0.0 |       0 |      65 |   0.0 |  2135
          D:15 |       0 |   13621 |   0.0 |       0 |      41 |   0.0 |  1692
      Depths:1 |       0 |   26190 |   0.0 |       0 |      53 |   0.0 |  1048
               +---------+---------+-------+---------+---------+-------+---------
